 Dungeon Crawl Stone Soup version 0.31.0-4-g52a2dc7128 (webtiles) character file.

Game seed: 3661802877254351483

39 Bobbunny the Sneak (level 3, 0/21 HPs)
             Began as a Kobold Brigand on Jan 21, 2024.
             Slain by an iguana (10 damage)
             ... on level 3 of the Dungeon.
             The game lasted 00:01:33 (1389 turns).

Bobbunny the Sneak (Kobold Brigand)                 Turns: 1389, Time: 00:01:34

Health: 0/21       AC:  3    Str:  8    XL:     3   Next: 67%
Magic:  0/3        EV: 14    Int: 12    God:
Gold:   112        SH:  0    Dex: 18    Spells: 2/2 levels left

rFire   . . .        o - +1 dagger (venom)
rCold   . . .        (no shield)
rNeg    . . .        b - +0 robe
rPois   +            (no helmet)
rElec   .            c - +0 cloak
rCorr   .            (no gloves)
SInv    .            (no boots)
Will    .....        t - amulet of guardian spirit
Stlth   ++++         p - ring of poison resistance
HPRegen 0.23/turn    (no ring)
MPRegen 0.08/turn

%: guardian spirit
@: no status effects
A: small, no large weapons, nightstalker 3
a: no special abilities


You were on level 3 of the Dungeon.
You visited 1 branch of the dungeon, and saw 3 of its levels.

You collected 112 gold pieces.

Inventory:

Hand Weapons
 a - a +2 dagger
 o - a +1 dagger of venom (weapon)
Missiles
 d - 9 poisoned darts (quivered)
 e - 3 curare-tipped darts
Armour
 b - a +0 robe (worn)
 c - a +0 cloak (worn)
Jewellery
 p - a ring of poison resistance (left hand)
 t - an amulet of guardian spirit (around neck)
 w - a ring of wizardry
Scrolls
 f - a scroll of butterflies {unknown}
 j - 3 scrolls of enchant weapon {unknown}
 k - 4 scrolls of identify {unknown}
 l - a scroll of vulnerability {unknown}
 m - 2 scrolls of revelation {unknown}
 n - a scroll of teleportation {unknown}
 x - a scroll of fog {unknown}
Potions
 g - a potion of heal wounds {unknown}
 h - a potion of cancellation {unknown}
 i - 2 potions of haste {unknown}
 q - a potion of degeneration {unknown}
 r - a potion of magic {unknown}
 s - a potion of curing {unknown}
 u - a potion of brilliance {unknown}
 v - a potion of invisibility {unknown}


   Skills:
 - Level 2.1 Fighting
 + Level 4.0 Short Blades
 - Level 2.1 Throwing
 - Level 1.2 Dodging
 + Level 6.3 Stealth


You had 2 spell levels left.
You didn't know any spells.
Your spell library was empty.

Dungeon Overview and Level Annotations

Branches:
Dungeon (3/15)

Altars:
Qazlal

Shops:
D:2 :


Innate Abilities, Weirdness & Mutations

You are small and have problems with some larger weapons.
You are completely attuned to the shadows.


Message History

No target in view!
No target in view!
No target in view!
No target in view!
No target in view!
No target in view!
You now have 112 gold pieces (gained 8).
An iguana comes into view.
An iguana is nearby!
An iguana is nearby!
An iguana is nearby!
Found 3 stones.
Found 14 gold pieces.
The iguana bites you!
You hit the iguana but do no damage.
The iguana is poisoned.
You hit the iguana.
The iguana is lightly wounded.
The iguana bites you.
You are too injured to fight recklessly!
You are too injured to fight recklessly!
You are too injured to fight recklessly!
You are too injured to fight recklessly!
You are too injured to fight recklessly!
You are too injured to fight recklessly!
You are too injured to fight recklessly!
You are too injured to fight recklessly!
You are too injured to fight recklessly!
You are too injured to fight recklessly!
You are too injured to fight recklessly!
You are too injured to fight recklessly!
You are too injured to fight recklessly!
You are too injured to fight recklessly!
You are too injured to fight recklessly!
You are too injured to fight recklessly!
You hit the iguana but do no damage.
The iguana is lightly wounded.
The iguana closely misses you.
You closely miss the iguana.
The iguana is lightly wounded.
The iguana bites you!
You die...

...... .....#
...(.+
$....#####
...l@....#####
......##.....#
#####.#......+
####.###....#
............#
.....########
....†####
........#
........#


You could see an iguana (very poisoned).

Vanquished Creatures
  3 endoplasms
  A giant cockroach (D:2)
  3 goblins
  5 hobgoblins
  2 jackals (D:1)
  4 kobolds (D:1)
  4 quokkas
  A ball python (D:1)
  8 bats
  4 rats
35 creatures vanquished.

Notes
Turn   | Place    | Note
-------+----------+-------------------------------------------
     0 | D:1      | Bobbunny the Kobold Brigand began the quest for the Orb.
     0 | D:1      | Reached XP level 1. HP: 12/12 MP: 1/1
   174 | D:1      | Reached XP level 2. HP: 8/17 MP: 2/2
   462 | D:1      | Reached skill level 6 in Stealth
   462 | D:1      | Reached XP level 3. HP: 21/21 MP: 3/3
   465 | D:1      | Found a faded altar of an unknown god.
   859 | D:2      | Found a stormy altar of Qazlal.
  1127 | D:2      | Found Omnarrast's Book Emporium.
  1389 | D:3      | Slain by an iguana

Illustrated notes

Levels and vault maps discovered:
D:1:      reono_arrival_forest_river, layout_loops_cross,
          basic_ecumenical_altar, minmay_heptomino_o4
D:2:      layout_rooms, serial_shops, nicolae_diamond_shop, basic_altar
D:3:      layout_basic

Skill      XL: |  1  2  3 |
---------------+----------+-----
Short Blades   | 3 4 |  4.0
Stealth        | 6 |  6.3
Fighting       | |  2.1
Throwing       | |  2.1
Dodging        | |  1.2

Action                     || total
---------------------------++-------
  Melee: Dagger            ||    73
   Stab: Sleeping          ||    20
         Distracted        ||     1
 Armour: Robe              ||    20
  Dodge: Dodged            ||    25
